 Dungeon Crawl Stone Soup version 0.29-a0-297-g7659ce593d (webtiles) character file.

Game seed: 9233472491882841602

31857 Dabor the Basher (level 13, -19/141 HPs)
             Began as a Troll Fighter on Mar 20, 2022.
             Was an Elder of Ashenzari.
             Demolished by a two-headed ogre
             ... wielding a +0 giant club
              (31 damage)
             ... on level 14 of the Dungeon.
             The game lasted 00:25:07 (11276 turns).

Dabor the Basher (Troll Fighter)                   Turns: 11276, Time: 00:25:08

Health: -19/141    AC: 15    Str: 29    XL:     13   Next: 28%
Magic:  12/12      EV: 11    Int:  4    God:    Ashenzari [****..]
Gold:   651        SH: 11    Dex: 11    Spells: 12/12 levels left

rFire   . . .      SeeInvis +   u - +5 morningstar (elec)
rCold   + . .      Faith    .   c - +0 kite shield "Per Aspera Ad Scientiam" {Range, Melee} (curse)
rNeg    . . .      Spirit   .   b - +0 acid dragon scales
rPois   .          Reflect  .   (helmet restricted)
rElec   .          Harm     .   g - +2 cloak of the Chained Omen {Will+, Melee, Self} (curse)
rCorr   +          Rampage  .   (gloves unavailable)
Will    +....      Clarity  +   (boots unavailable)
Stlth   +.........              S - amulet "Esoteric Augurer" {RegenMP, Fort, Comp} (curse)
HPRegen 1.13/turn               x - ring "Astral Submission" {AC+4, Fort, Bglg} (curse)
MPRegen 0.53/turn               r - ring "Lashed Negation" {rC+, Melee, Self} (curse)

@: hasted, very quick
A: large, unfitting armour, claws 3, regeneration 1, shaggy fur 1, tough skin 1,
MP-powered wands
a: Renounce Religion, Shatter the Chains


You were on level 14 of the Dungeon.
You worshipped Ashenzari.
Ashenzari was greatly pleased with you.
You visited 1 branch of the dungeon, and saw 14 of its levels.

You collected 1064 gold pieces.
You spent 413 gold pieces at shops.

Inventory:

Hand Weapons
 u - a +5 morningstar of electrocution (weapon)
Missiles
 f - 6 silver boomerangs
 p - 11 javelins
 q - 5 atropa-tipped darts
 F - 23 poisoned darts (quivered)
 H - 4 curare-tipped darts
 I - 3 boomerangs
 R - 6 large rocks
Armour
 b - +0 acid dragon scales (worn)
 c - the cursed +0 kite shield "Per Aspera Ad Scientiam" (worn) {Range, Melee}

   It has a curse which improves the following skills: Ranged Combat: Slings,
   Bows, Crossbows and Throwing.
   Melee Combat: Short Blades, Long Blades, Axes, Maces & Flails, Polearms,
   Staves and Unarmed Combat.
 g - the cursed +2 cloak of the Chained Omen (worn) {Will+, Melee, Self}
   (You acquired it on level 3 of the Dungeon)

   It has a curse which improves the following skills: Melee Combat: Short
   Blades, Long Blades, Axes, Maces & Flails, Polearms, Staves and Unarmed
   Combat.
   Introspection: Fighting and Spellcasting.
Jewellery
 r - the cursed ring "Lashed Negation" (right claw) {rC+, Melee, Self}
   (You found it on level 3 of the Dungeon)

   [ring of protection from cold]

   rC:        It protects you from cold.
   It has a curse which improves the following skills: Melee Combat: Short
   Blades, Long Blades, Axes, Maces & Flails, Polearms, Staves and Unarmed
   Combat.
   Introspection: Fighting and Spellcasting.
 x - the cursed ring "Astral Submission" (left claw) {AC+4, Fort, Bglg}
   (You found it on level 5 of the Dungeon)

   [ring of protection]

   AC:        It affects your AC (+4).
   It has a curse which improves the following skills: Fortitude: Armour and
   Shields.
   Beguiling: Conjurations, Hexes and Translocations.
 J - a ring of fire
 Q - a ring of positive energy
 S - the cursed amulet "Esoteric Augurer" (around neck) {RegenMP, Fort, Comp}
   (You found it on level 14 of the Dungeon)

   [amulet of magic regeneration]

   It increases your rate of magic regeneration.
   It has a curse which improves the following skills: Fortitude: Armour and
   Shields.
   Companions: Summonings and Necromancy.
Wands
 k - a wand of paralysis (7)
 w - a wand of charming (8)
 y - a wand of polymorph (3)
 D - a wand of iceblast (17)
 M - a wand of mindburst (13)
 N - a wand of digging (8)
 O - a wand of flame (5)
Scrolls
 a - 3 scrolls of teleportation
 e - 4 scrolls of fear
 l - 2 scrolls of immolation
 t - 2 scrolls of fog
 v - 5 scrolls of enchant armour
 z - 4 scrolls of blinking
 C - a scroll of silence
 G - a scroll of magic mapping
 K - a scroll of enchant weapon
 L - 2 scrolls of amnesia
Potions
 d - 5 potions of might
 h - a potion of cancellation
 i - a potion of lignification
 j - 2 potions of invisibility
 m - 4 potions of ambrosia
 n - 2 potions of berserk rage
 o - a potion of degeneration
 s - 2 potions of curing
 B - 3 potions of brilliance
 E - 2 potions of resistance
Miscellaneous
 P - a piece from Xom's chessboard (15/15)


   Skills:
 * Level 9.7(12.6) Fighting
 * Level 10.3(14.2) Maces & Flails
 - Level 6.6(8.6) Throwing
 * Level 9.7 Dodging
 + Level 8.4(11.4) Shields
 + Level 3.9 Evocations


You had 12 spell levels left.
You didn't know any spells.
Your spell library contained the following spells:

 Spells                   Type           Power      Damage    Failure   Level
 Beastly Appendage        Tmut           0%         N/A       75%         1
 Sandblast                Erth           0%         2d4       75%         1
 Blink                    Tloc           0%         N/A       85%         2
 Ensorcelled Hibernation  Hex/Ice        0%         N/A       86%         2
 Passwall                 Tmut/Erth      0%         N/A       87%         2
 Wereblood                Tmut           0%         N/A       87%         2
 Ignite Poison            Fire/Tmut/Pois 0%         N/A       98%         3
 Mephitic Cloud           Conj/Pois/Air  0%         N/A       98%         3
 Ozocubu's Armour         Ice            0%         N/A       98%         3
 Spider Form              Tmut/Pois      0%         N/A       98%         3
 Stone Arrow              Conj/Erth      0%         3d7       98%         3
 Anguish                  Hex/Necr       0%         N/A       100%        4
 Freezing Cloud           Conj/Ice/Air   0%         6-21      100%        5
 Manifold Assault         Tloc           0%         N/A       100%        5
 Ozocubu's Refrigeration  Ice            0%         4d5       100%        7
 Storm Form               Tmut/Air       0%         N/A       100%        7


Dungeon Overview and Level Annotations

Branches:
Dungeon (14/15)            Temple (0/1) D:4            Lair (0/6) D:8
    Orc (0/2) D:9          Vaults (0/5) D:14

Altars:
Ashenzari
Elyvilon
Makhleb
Qazlal
Uskayaw
Zin
Beogh

Shops:
D:3 (   D:5 *   D:10 !*


Innate Abilities, Weirdness & Mutations

You are too large for most types of armour.
You have claws for hands.
Your natural rate of healing is unusually fast.
You are covered in fur. (AC +1)
You have tough skin. (AC +1)
You expend magic power (3 MP) to strengthen your wands.


Message History

You puncture Lodul! Lightning courses through Lodul!
Lodul is almost dead.
You puncture Lodul!
You kill Lodul!
The two-headed ogre hits you with a +0 giant club!
You block the two-headed ogre's attack.
You sock the two-headed ogre!
The two-headed ogre is moderately wounded.
You bludgeon the two-headed ogre!!
The two-headed ogre is almost dead.
You hear two shouts!
A two-headed ogre comes into view.
It is wielding two +0 giant spiked clubs.
The two-headed ogre closely misses you.
The two-headed ogre hits you with a +0 giant club!
You barely miss the two-headed ogre.
The two-headed ogre is almost dead.
The two-headed ogre hits you with a +0 dire flail!!
The two-headed ogre hits you with a +0 giant club.
The two-headed ogre closely misses you.
The two-headed ogre hits you with a +0 giant club!
* * * LOW HITPOINT WARNING * * *
You are too injured to fight recklessly!
You are too injured to fight recklessly!
You are too injured to fight recklessly!
You are too injured to fight recklessly!
You sock the two-headed ogre!
The two-headed ogre is almost dead.
A two-headed ogre comes into view.
It is wielding a +0 giant spiked club and a +0 giant club.
The two-headed ogre completely misses you.
The two-headed ogre hits you with a +0 giant club!
* * * LOW HITPOINT WARNING * * *
You closely miss the two-headed ogre.
The two-headed ogre is almost dead.
The two-headed ogre hits you but does no damage.
The two-headed ogre hits you with a +0 giant club!!
* * * LOW HITPOINT WARNING * * *
You feel yourself speed up. The two-headed ogre closely misses you.
You block the two-headed ogre's attack.
The two-headed ogre hits you with a +0 giant club!!
You die...

* ** * , ,,
* *### , ,
#########OO
, , ,, *
#.......#O#
*,, ,, *
#.......#O#
, *
#.......@O#
, ,
#.......###
* , *
##.########
,,,,
###.### *
##..## **,
* * ##.###
, ##.### *
, ##.## * ,
* * ##.## ,


You could see 4 two-headed ogres and an ogre.

Vanquished Creatures
  Kirke (D:14)
  An ironbound preserver (D:14)
  A catoblepas (D:13)
  A centaur warrior (D:13)
  4 boulder beetles
  2 death knights
  5 two-headed ogres
  Sonja (D:12)
  2 skeletal warriors (D:12)
  Lodul (D:14)
  A phantasmal warrior (D:12)
  3 deep elf pyromancers
  2 cyclopes
  9 ugly things
  An ice statue (D:9)
  A manticore (D:14)
  A kobold demonologist (D:13)
  Psyche (D:8)
  A komodo dragon (D:11)
  An efreet (D:14)
  4 freezing wraiths
  4 trolls
  2 slime creatures (D:13)
  A hornet (D:11)
  A centaur simulacrum (D:14)
  3 wraiths
  4 wyverns
  A vampire (D:10)
  2 hogs (D:14)
  5 basilisks
  27 yaks
  A steam dragon (D:9)
  3 acid dragons
  A water moccasin (D:9)
  A swamp drake (D:8)
  7 orc warriors
  3 black bears
  A centaur (D:7)
  3 phantoms (D:5)
  4 kobold brigands
  2 necrophages
  A gnoll sergeant (D:8)
  A scorpion (D:5)
  7 wights
  4 killer bees (D:9)
  5 howler monkeys
  2 hounds
  16 orc priests
  A jelly (D:3)
  2 iguanas (D:6)
  14 orc wizards
  7 adders
  4 gnolls (D:8)
  A white imp (D:6)
  3 ufetubi
  3 worms
  A dart slug (D:2)
  52 orcs
  6 ball pythons
  7 bats
  5 endoplasms
  3 giant cockroaches
  5 goblins
  7 hobgoblins
  4 frilled lizards
  29 kobolds
  5 rats
315 creatures vanquished.

Vanquished Creatures (others)
  4 humans (D:14)
  4 plants (D:5)
8 creatures vanquished.

Grand Total: 323 creatures vanquished

Notes
Turn   | Place    | Note
-------+----------+-------------------------------------------
     0 | D:1      | Dabor the Troll Fighter began the quest for the Orb.
     0 | D:1      | Reached XP level 1. HP: 22/22 MP: 0/0
   101 | D:1      | Reached skill level 2 in Maces & Flails
   104 | D:1      | Reached XP level 2. HP: 29/29 MP: 1/1
   605 | D:1      | Found a faded altar of an unknown god.
   662 | D:1      | Prayed at the altar of an unknown god.
   662 | D:1      | Became a worshipper of Ashenzari the Shackled
   760 | D:2      | Reached XP level 3. HP: 36/36 MP: 2/2
   956 | D:2      | Reached XP level 4. HP: 36/44 MP: 3/3
  1257 | D:3      | Identified a scroll of acquirement
  1257 | D:3      | Acquired a +2 cloak of willpower
  1378 | D:3      | Found Zeibungerro's Antique Weapon Shoppe.
  1462 | D:3      | Reached XP level 5. HP: 41/53 MP: 4/4
  1582 | D:3      | Reached * piety under Ashenzari
  1708 | D:3      | Bought a glowing morningstar for 210 gold pieces
  1720 | D:4      | Reached skill level 1 in Throwing
  1745 | D:4      | Found a staircase to the Ecumenical Temple.
  1862 | D:4      | Reached skill level 3 in Maces & Flails
  1862 | D:4      | Reached XP level 6. HP: 61/61 MP: 5/5
  2111 | D:4      | Found a stormy altar of Qazlal.
  2171 | D:5      | Entered Level 5 of the Dungeon
  2213 | D:5      | Reached XP level 7. HP: 62/68 MP: 6/6
  2294 | D:5      | Found Zin's Purification Station.
  2294 | D:5      | Found a glowing silver altar of Zin.
  2360 | D:5      | Found a white marble altar of Elyvilon.
  2450 | D:5      | Reached ** piety under Ashenzari
  2472 | D:5      | Identified the +6 dagger of the Other Side {vorpal, SInv}
  2603 | D:6      | Reached skill level 4 in Maces & Flails
  2920 | D:6      | Reached XP level 8. HP: 66/81 MP: 7/7
  3187 | D:6      | Reached *** piety under Ashenzari
  3966 | D:7      | Found a hide-covered altar of Uskayaw.
  4049 | D:7      | Reached skill level 5 in Fighting
  4049 | D:7      | Reached skill level 5 in Shields
  4139 | D:7      | Reached skill level 5 in Dodging
  4240 | D:7      | Reached skill level 5 in Maces & Flails
  4321 | D:7      | Reached XP level 9. HP: 92/92 MP: 8/8
  4650 | D:8      | Found a burning altar of Makhleb.
  4789 | D:8      | Noticed Psyche
  4813 | D:8      | Killed Psyche
  4836 | D:8      | Identified the cursed +0 kite shield "Per Aspera Ad
                  | Scientiam" {Range, Melee}
  4836 | D:8      | Identified the cursed +0 robe of the Prophetic Inaction
                  | {Evo, Fort}
  4836 | D:8      | Identified the cursed ring "Astral Submission" {AC+4, Fort,
                  | Bglg} (You found it on level 5 of the Dungeon)
  4905 | D:8      | Reached skill level 5 in Throwing
  4921 | D:8      | HP: 3/93 [gnoll sergeant/+0 spear of venom (6)]
  5218 | D:8      | Reached skill level 6 in Maces & Flails
  5269 | D:8      | Found a staircase to the Lair.
  5296 | D:8      | Reached XP level 10. HP: 102/102 MP: 9/9
  5497 | D:9      | Identified the +7 dagger of Symmetry {drain, *Noise Will++
                  | Dex+4 Stlth+}
  5642 | D:9      | Reached **** piety under Ashenzari
  5853 | D:9      | Found a staircase to the Orcish Mines.
  6032 | D:9      | Identified the +2 leather armour of Masochism {Str+2 Int+2
                  | Dex+5}
  6172 | D:9      | Noticed an ice statue
  6206 | D:9      | Killed an ice statue
  6214 | D:9      | Identified the +4 pair of boots of Geufeo {rElec}
  6215 | D:9      | Identified the +6 halberd "Qoudwaatt" {freeze, *Rage rF+
                  | Str+2 Dex+3}
  6399 | D:10     | Entered Level 10 of the Dungeon
  6399 | D:10     | Found Itennilu's General Store.
  6420 | D:10     | Bought a potion of heal wounds for 75 gold pieces
  6544 | D:10     | Reached skill level 7 in Maces & Flails
  6724 | D:10     | Found a broken altar of Ashenzari.
  6751 | D:10     | Found Udirph's Distillery.
  6759 | D:10     | Bought a potion of mutation for 128 gold pieces
  6759 | D:10     | Gained mutation: Your mind is acute. (Int +2) [potion of
                  | mutation]
  6759 | D:10     | Gained mutation: Armour fits poorly on your strangely
                  | shaped body. [potion of mutation]
  6759 | D:10     | Gained mutation: You possess an exceptional clarity of
                  | mind. [potion of mutation]
  6760 | D:10     | Lost mutation: Your mind is acute. (Int +2) [potion of
                  | mutation]
  6760 | D:10     | Lost mutation: Armour fits poorly on your strangely shaped
                  | body. [potion of mutation]
  6760 | D:10     | Gained mutation: Your magical capacity is low. (-10% MP)
                  | [potion of mutation]
  6760 | D:10     | Gained mutation: You are clumsy. (Dex -2) [potion of
                  | mutation]
  6761 | D:10     | Lost mutation: You are clumsy. (Dex -2) [potion of
                  | mutation]
  6761 | D:10     | Lost mutation: Your magical capacity is low. (-10% MP)
                  | [potion of mutation]
  6761 | D:10     | Lost mutation: You possess an exceptional clarity of mind.
                  | [potion of mutation]
  6761 | D:10     | Gained mutation: You expend magic power (3 MP) to
                  | strengthen your wands. [potion of mutation]
  6957 | D:10     | Noticed a two-headed ogre
  6966 | D:10     | Killed a two-headed ogre
  6967 | D:10     | Reached XP level 11. HP: 82/117 MP: 10/10
  7355 | D:11     | Noticed a two-headed ogre
  7362 | D:11     | Killed a two-headed ogre
  7658 | D:11     | Noticed a two-headed ogre
  7663 | D:11     | Killed a two-headed ogre
  7664 | D:11     | Reached skill level 1 in Evocations
  8543 | D:12     | Reached skill level 8 in Maces & Flails
  8651 | D:12     | Noticed a cyan ugly thing
  8661 | D:12     | Killed a cyan ugly thing
  8718 | D:12     | Noticed a deep elf pyromancer
  8723 | D:12     | Killed a deep elf pyromancer
  8780 | D:12     | Noticed Sonja
  8783 | D:12     | Killed Sonja
  8783 | D:12     | Noticed a two-headed ogre
  8787 | D:12     | Killed a two-headed ogre
  8902 | D:12     | Noticed a brown ugly thing
  8915 | D:12     | Killed a brown ugly thing
  8916 | D:12     | Reached XP level 12. HP: 80/128 MP: 11/11
  8978 | D:12     | Noticed a death knight
  9000 | D:12     | Killed a death knight
  9329 | D:13     | Noticed a death knight
  9329 | D:13     | Noticed a centaur warrior
  9361 | D:12     | HP: 5/128 [skeletal warrior/+0 glaive[a death knight] (9)]
  9363 | D:12     | HP: 1/128 [skeletal warrior/+0 glaive[a death knight] (21)]
  9639 | D:12     | Reached skill level 9 in Maces & Flails
  9688 | D:13     | Noticed a boulder beetle
  9699 | D:13     | Killed a boulder beetle
  9800 | D:13     | Killed a centaur warrior
 10159 | D:13     | Noticed a catoblepas
 10172 | D:13     | Killed a catoblepas
 10334 | D:13     | Killed a death knight
 10612 | D:14     | Noticed a boulder beetle
 10618 | D:14     | Killed a boulder beetle
 10669 | D:14     | Noticed Kirke
 10678 | D:14     | Noticed a sphinx
 10684 | D:14     | Killed Kirke
 10748 | D:14     | Noticed a boulder beetle
 10768 | D:14     | Killed a boulder beetle
 10868 | D:14     | Noticed an ironbound preserver
 10868 | D:14     | Noticed a boulder beetle
 10886 | D:14     | Killed a boulder beetle
 10887 | D:14     | Reached XP level 13. HP: 22/141 MP: 12/12
 11001 | D:14     | Reached skill level 10 in Maces & Flails
 11021 | D:14     | Killed an ironbound preserver
 11043 | D:14     | Found a gate to the Vaults.
 11259 | D:14     | Noticed Lodul
 11270 | D:14     | Killed Lodul
 11276 | D:14     | Demolished by a two-headed ogre

Illustrated notes

Levels and vault maps discovered:
D:1:      lemuel_arrival_cross, layout_loops_ring,
          shapermc_ecumenical_altar_starsandcircs, st_stairs_10,
          nicolae_wormholes
D:2:      layout_rooms
D:3:      layout_rooms, serial_shops, shop_coins, supply_closet_lemuel,
          kennysheep_generic_room_9
D:4:      layout_rooms, mainiacjoe_overflow_alcove_1, minmay_temple_entry_trees
D:5:      layout_rooms, zin_purify, nicolae_elyvilon_temple_path
D:6:      layout_layer_cave
D:7:      layout_gridville, kennysheep_mini
D:8:      layout_cave_pools, mainiacjoe_overflow_24_doors, erik_lair_dragon,
          uniq_psyche
D:9:      lemuel_ice_statue, layout_gridville, orc_0_dummy, hex_medium,
          chequers_serial_rivers_marsh
D:10:     layout_loops_cross, nicolae_ashenzari_panopticon, serial_shops,
          nicolae_stop_n_shop_1, nicolae_shop_stone
D:11:     layout_layer_cave
D:12:     layout_irregular_city, serial_glass, glass_columns_a, glass_columns_a,
          minmay_misc_feat_secret_circle, uniq_sonja
D:13:     layout_basic, special_room [special_room_orc]
D:14:     layout_roguey [special_room_mythical_zoo],
          skrybe_vaults_entry_preservation, infiniplex_staircase_pillars_3b,
          uniq_lodul, uniq_kirke

Skill      XL: |  1  2  3  4  5  6  7  8  9 10 11 12 13 |
---------------+----------------------------------------+-----
Maces & Flails | 2 3 4 5 6 7 8 9 10 | 10.3
Fighting       | 3 4 5 6 7 8 9 |  9.7
Shields        | 3 4 5 6 7 8 |  8.4
Dodging        | 3 4 5 6 8 9 |  9.7
Throwing       | 1 2 3 4 5 6 |  6.6
Evocations     | 2 3 |  3.9

Action                   |  1- 3 |  4- 6 |  7- 9 | 10-12 | 13-15 || total
-------------------------+-------+-------+-------+-------+-------++-------
Melee: Flail             |   132 |    47 |       |       |       ||   179
       Morningstar       |       |    53 |   293 |   478 |    89 ||   913
       Unarmed           |       |       |    16 |       |       ||    16
Throw: Javelin           |       |     7 |     3 |    39 |       ||    49
       Dart              |       |       |    13 |    37 |    12 ||    62
       Boomerang         |       |       |       |    52 |       ||    52
Invok: Curse Item        |     1 |     1 |     2 |     2 |       ||     6
       Shatter the Chain |       |       |       |     1 |       ||     1
  Use: Scroll            |       |     6 |     2 |     4 |       ||    12
       Potion            |       |       |     4 |     8 |     1 ||    13
 Stab: Sleeping          |       |     1 |       |       |       ||     1
       Distracted        |       |       |     1 |       |       ||     1
Armor: Robe              |    60 |    67 |   150 |    82 |       ||   359
       Acid dragon scale |       |       |       |   131 |    13 ||   144
Dodge: Dodged            |    68 |    44 |   136 |   219 |    24 ||   491
Block: Kite shield       |    56 |    47 |   156 |   260 |    23 ||   542

Table legend: (Time is in decaauts)
 A = Elapsed time spent in this place.
 B = Non-inter-level travel time spent in this place.
 C = Inter-level travel time spent in this place.
 D = Time resting spent in this place.
 E = Time spent auto-exploring this place.
 F = Levels seen in this place.
 G = Mean time per level.
                   A        B        C        D        E       F      G
               +--------+--------+--------+--------+--------+-----+--------+
         Total |  11506 |  10871 |    635 |    443 |   7476 |  14 |  821.9 |
       Dungeon |  11506 |  10871 |    635 |    443 |   7476 |  14 |  821.9 |
               +--------+--------+--------+--------+--------+-----+--------+

Top non-repeatable levels by time:
    D:11: 1251 daAuts
    D:12: 1215 daAuts
    D:13: 1020 daAuts
     D:7: 1002 daAuts
     D:6: 980 daAuts
     D:8: 975 daAuts
     D:9: 955 daAuts
    D:10: 864 daAuts
     D:1: 755 daAuts
    D:14: 558 daAuts
     D:3: 524 daAuts
     D:2: 512 daAuts
     D:4: 464 daAuts
     D:5: 425 daAuts
